 Dungeon Crawl Stone Soup version 0.23.2-33-g5129a83184 (webtiles) character file.

Game seed: 4221399154628877585

148 Wilfredo the Ducker (level 5, -3/26 HPs)
             Began as a Spriggan Warper on July 6, 2019.
             Slain by an unseen horror (6 damage)
             ... on level 13 of the Dungeon.
             The game lasted 00:10:12 (1354 turns).

Wilfredo the Ducker (Spriggan Warper)               Turns: 1354, Time: 00:10:13

Health: -3/26      AC:  2    Str:  7    XL:     5   Next: 8%
Magic:  10/11      EV: 21    Int: 14    God:
Gold:   172        SH:  0    Dex: 17    Spells: 4/11 levels left

rFire    . . .     SeeInvis +   c - +2 quarterstaff of Ragnarok {drain, rN+}
rCold    . . .     Gourm    .   (shield currently unavailable)
rNeg     + . .     Faith    .   b - +0 robe
rPois    .         Spirit   .   (helmet restricted)
rElec    .         Reflect  .   (no cloak)
rCorr    +         Harm     .   (gloves unavailable)
MR       .....                  (boots unavailable)
Stlth    ++........             (no amulet)
HPRegen  0.08/turn              m - ring of resist corrosion
MPRegen  0.12/turn              (no ring)

@: about to teleport, very slightly contaminated, very quick
A: very small, unfitting armour, see invisible, herbivore, speed 3, slow
metabolism 2
a: no special abilities


You were on level 13 of the Dungeon.
You were not hungry.

You visited 1 branch of the dungeon, and saw 13 of its levels.

You collected 172 gold pieces.

Inventory:

Hand Weapons
 a - a +0 short sword
 c - the +2 quarterstaff of Ragnarok (weapon) {drain, rN+}
   (You found it on level 7 of the Dungeon)

   A truly terrible weapon, it drains the life of those it strikes.
   It protects you from negative energy.
 k - a +0 shortbow
Missiles
 e - a tomahawk of dispersal (quivered)
 l - 40 arrows
Armour
 b - a +0 robe (worn)
Jewellery
 m - a ring of resist corrosion (left hand)
Scrolls
 i - a scroll of magic mapping
Potions
 j - a potion of curing {unknown}
Comestibles
 f - 7 rations


   Skills:
 + Level 2.0 Fighting
 + Level 3.3 Short Blades
 + Level 0.1 Staves
 + Level 1.2 Throwing
 + Level 5.3 Dodging
 + Level 0.8 Stealth
 + Level 3.7 Spellcasting
 + Level 4.9 Translocations


You had 4 spell levels left.
You knew the following spells:

 Your Spells              Type           Power        Failure   Level  Hunger
a - Animate Skeleton      Necr           N/A          21%         1    None
b - Blink                 Tloc           N/A          4%          2    ##.....
c - Shroud of Golubria    Chrm/Tloc      #.........   11%         2    ##.....
d - Confusing Touch       Hex            #.....       21%         1    None
e - Summon Small Mammal   Summ           #...         21%         1    None

Your spell library contained the following spells:

 Spells                   Type           Power        Failure   Level  Hunger
 Apportation              Tloc           ###...       2%          1    None
 Gell's Gravitas          Tloc           ###.......   8%          3    ###....
 Lesser Beckoning         Tloc           ###.......   8%          3    ###....
 Teleport Other           Tloc           ###.....     8%          3    ###....
 Passage of Golubria      Tloc           N/A          26%         4    ####...
 Confuse                  Hex            #.......     52%         3    ###....
 Petrify                  Tmut/Erth      #.......     89%         4    ####...
 Metabolic Englaciation   Hex/Ice        #.........   99%         5    ######.
 Yara's Violent Unravell  Hex/Tmut       #.........   99%         5    ######.


Dungeon Overview and Level Annotations

Branches:
Dungeon (13/15)
 Temple: D:4-7         Lair: D:8-11         Orc: D:9-12      Vaults: D:13-14

Altars:
Qazlal
Beogh

Annotations:
D:5 Eustachio


Innate Abilities, Weirdness & Mutations

You are very small and have problems with some larger weapons.
You are too small for most types of armour.
You have supernaturally acute eyesight. (SInv)
You are a herbivore.
You cover ground extremely quickly.
You need to consume almost no food.


Message History

* * * LOW HITPOINT WARNING * * *
The unseen horror completely misses you.
Throwing (i - inventory)
e - 3 tomahawks of dispersal (quivered)
Press: ? - help, Shift-Dir - straight line, f/p - unseen horror
Aim: an unseen horror (slightly transparent)
You throw a tomahawk of dispersal.
The tomahawk of dispersal hits the unseen horror.
The unseen horror blinks!
The unseen horror is lightly wounded.
The orc warrior misses you.
Throwing (i - inventory)
e - 2 tomahawks of dispersal (quivered)
Press: ? - help, Shift-Dir - straight line, f/p - unseen horror
Aim: an unseen horror (lightly wounded, slightly transparent)
You throw a tomahawk of dispersal.
The tomahawk of dispersal hits the unseen horror but does no damage.
The unseen horror is lightly wounded.
The unseen horror barely misses you. x2; The orc warrior closely misses you.
As you read the scroll of teleportation, it crumbles to dust.
You feel strangely unstable. The unseen horror hits you.
You die...

####### # ###...(.. #..
##........
#....#############..#...###
#........x@.o.5...ยง.....#
#....#############o.....#
#.. #......5..# #
#.o.......# ###.....#####
#.....<.# #.#.....#
#.#.....# o.#.....#


You could see an unseen horror (invisible), an orc warrior and a crimson imp.

Vanquished Creatures
  A centaur (D:11)
  A hound (D:4)
  A worker ant (D:7)
  An adder (D:8)
  An adder skeleton (D:7)
  A leopard gecko (D:7)
  2 goblins
  A kobold (D:1)
  A rat (D:3)
10 creatures vanquished.

Vanquished Creatures (others)
  A hippogriff (D:9)
1 creature vanquished.

Grand Total: 11 creatures vanquished

Notes
Turn   | Place    | Note
-------+----------+-------------------------------------------
     0 | D:1      | Wilfredo the Spriggan Warper began the quest for the Orb.
     0 | D:1      | Reached XP level 1. HP: 10/10 MP: 5/5
   687 | D:4      | Noticed a hound
   717 | D:4      | Killed a hound
   717 | D:4      | Reached skill level 4 in Dodging
   717 | D:4      | Reached XP level 2. HP: 14/15 MP: 7/7
   717 | D:4      | Reached XP level 3. HP: 17/18 MP: 8/8
   774 | D:5      | Entered Level 5 of the Dungeon
   776 | D:5      | Noticed Eustachio
   789 | D:6      | Noticed an ogre
   828 | D:7      | Learned a level 1 spell: Animate Skeleton
   831 | D:7      | Learned a level 2 spell: Blink
   834 | D:7      | Learned a level 2 spell: Shroud of Golubria
   836 | D:7      | Learned a level 1 spell: Confusing Touch
   838 | D:7      | Learned a level 1 spell: Summon Small Mammal
   857 | D:7      | Got an iridescent quarterstaff
   859 | D:7      | Noticed an ogre
   876 | D:7      | Identified the +2 quarterstaff of Ragnarok {drain, rN+}
                  | (You found it on level 7 of the Dungeon)
  1016 | D:8      | Reached XP level 4. HP: 19/23 MP: 8/10
  1043 | D:8      | Found a roughly hewn altar of Beogh.
  1077 | D:9      | Noticed an air elemental
  1079 | D:9      | Noticed a water elemental
  1082 | D:9      | Found a stormy altar of Qazlal.
  1083 | D:9      | Noticed a fire elemental
  1083 | D:9      | Noticed an earth elemental
  1085 | D:9      | Killed a hippogriff
  1092 | D:9      | Noticed an ice beast
  1165 | D:10     | Entered Level 10 of the Dungeon
  1165 | D:10     | Noticed a yak
  1165 | D:10     | Noticed a yak
  1165 | D:10     | Noticed a yak
  1165 | D:10     | Noticed a yak
  1165 | D:10     | Noticed a yak
  1199 | D:11     | Noticed a centaur
  1204 | D:11     | Killed a centaur
  1204 | D:11     | Reached skill level 5 in Dodging
  1204 | D:11     | Reached XP level 5. HP: 26/26 MP: 11/11
  1285 | D:11     | Noticed an ogre
  1298 | D:11     | Noticed an ice beast
  1304 | D:12     | Noticed a hornet
  1308 | D:12     | Noticed a phantom
  1311 | D:12     | Noticed a water moccasin
  1323 | D:13     | Noticed an unseen horror
  1329 | D:13     | Noticed an orc warrior
  1354 | D:13     | Slain by an unseen horror

Skill      XL: |  1  2  3  4 |
---------------+-------------+-----
Dodging        | 4 5 |  5.3
Spellcasting   | 3 |  3.7
Fighting       | 2 |  2.0
Short Blades   | 3 |  3.3
Staves         | |  0.1
Throwing       | |  1.2
Stealth        | |  0.8
Translocations | |  4.9

Action                   |  1- 3 |  4- 6 || total
-------------------------+-------+-------++-------
Melee: Short sword       |    43 |       ||    43
       Quarterstaff      |    14 |     6 ||    20
Throw: Tomahawk          |       |     4 ||     4
 Cast: Summon Small Mamm |     2 |       ||     2
       Blink             |     1 |     1 ||     2
  Use: Potion            |     1 |       ||     1
       Scroll            |       |     5 ||     5
Armor: Robe              |     5 |     1 ||     6
Dodge: Dodged            |    58 |    24 ||    82
